[Event "Titled Tuesday Blitz June 13 Late 2023"]
[White "ArchibaldCerveza29"]
[Black "Szente Varga, Fruzsina"]
[BlackFideId "712264"]
[WhiteElo "2461"]
[BlackElo "1994"]
[Result "0-1"]
[Round "8"]
[TimeControl "180+2"]
[Date "2023.06.13"]
[WhiteClock "0:00:00"]
[BlackClock "0:00:16"]
[Board "103"]

1. e4 e5 2. Nf3 Nc6 3. Bc4 Nf6 4. O-O Be7 5. Re1 O-O 6. c3 d5 7. exd5 Nxd5 8. Nxe5 Nxe5 9. Rxe5 c6 10. d4 Bd6 11. Re1 Qh4 12. g3 Qh3 13. Qf3 Bg4 14. Qg2 Qh5 15. Bf1 Rae8 16. Be3 f5 17. c4 f4 18. cxd5 fxe3 19. Rxe3 Rxe3 20. fxe3 Bf3 21. Qh3 Qxd5 22. Nd2 Qg5 23. Bc4+ Kh8 24. Re1 Bb4 25. Rf1 Qxe3+ 26. Rf2 Bxd2 27. Qf1 Be1 28. Bb3 Be4 29. Bf7 Rxf7 0-1


[Site "https://www.chess.com"]

[Event "Titled Tuesday Blitz June 13 Late 2023"]
[White "Zhou, Qiyu"]
[Black "Bettalli, Francesco"]
[WhiteFideId "505161"]
[BlackFideId "2816453"]
[WhiteElo "2101"]
[BlackElo "2216"]
[Result "1-0"]
[Round "8"]
[TimeControl "180+2"]
[Date "2023.06.13"]
[WhiteClock "0:00:11"]
[BlackClock "0:01:47"]
[Board "104"]

1. e4 e5 2. Nf3 Nf6 3. Nxe5 Nc6 4. Nxc6 dxc6 5. d3 Bc5 6. Be2 h5 7. c3 Ng4 8. d4 Qh4 9. Bxg4 Bxg4 10. Qd3 O-O-O 11. Bf4 Rhe8 12. Nd2 Bb6 13. O-O Qf6 14. Qe3 Qg6 15. Rae1 h4 16. h3 Be6 17. b3 f6 18. Kh1 Qf7 19. Bh2 g5 20. f4 g4 21. f5 Bd7 22. hxg4 Rg8 23. Qh3 Rg5 24. Bf4 Rg7 25. Nc4 Rdg8 26. Ne3 c5 27. Rd1 cxd4 28. cxd4 Bb5 29. Rfe1 Qd7 30. g5 fxg5 31. Be5 Re7 32. f6 Qxh3+ 33. gxh3 Rf7 34. Nf5 Kd7 35. Nh6 Rgf8 36. Nxf7 Rxf7 37. Kg2 a5 38. a4 Ba6 39. Kf3 c6 40. Kg4 Bd8 41. Kxg5 Ke6 42. Rd2 Bxf6+ 43. Bxf6 Rxf6 44. d5+ Kf7 45. e5 Rg6+ 46. Kxh4 cxd5 47. Rxd5 Rg2 48. e6+ Ke8 49. e7 Be2 50. Rd8+ Kxe7 51. Rd2 Rg6 52. Rdxe2+ Kd6 53. Re4 Kd5 54. Re5+ Kd4 55. R1e4+ Kc3 56. Re3+ Kb4 57. Kh5 Rg1 58. h4 b5 59. Rxb5+ Ka3 60. Rxa5 Kb4 61. Rb5+ Ka3 62. Rbe5 Kb4 63. Kh6 Rg8 64. h5 Rg1 65. Kh7 Rg4 66. h6 Rh4 67. Kg7 Rg4+ 68. Kh8 Rh4 69. h7 Rg4 70. R5e4+ Ka3 71. Rxg4 Kb2 72. Kg7 Ka2 73. h8=Q Kb1 74. b4 Ka2 75. Rg2+ Kb1 76. Qh1# 1-0


[Site "https://www.chess.com"]

[Event "Titled Tuesday Blitz June 13 Late 2023"]
[White "Omariev, Maksim"]
[Black "Arnold, Ken"]
[WhiteFideId "4193423"]
[BlackFideId "2056836"]
[WhiteElo "2354"]
[BlackElo "2448"]
[Result "1-0"]
[Round "8"]
[TimeControl "180+2"]
[Date "2023.06.13"]
[WhiteClock "0:00:27"]
[BlackClock "0:00:16"]
[Board "105"]

1. e4 c5 2. Nf3 d6 3. d4 cxd4 4. Nxd4 Nf6 5. Nc3 a6 6. h3 e5 7. Nde2 Be7 8. g4 h6 9. Bg2 Be6 10. Be3 Nc6 11. Ng3 g6 12. Qd2 h5 13. g5 Nd7 14. Nd5 Bxd5 15. exd5 Nd4 16. Bxd4 exd4 17. Qxd4 O-O 18. h4 Ne5 19. O-O-O Qa5 20. Kb1 Rfc8 21. Bf1 Bf8 22. Ne4 Bg7 23. f4 Nc4 24. Nf6+ Bxf6 25. gxf6 Qb4 26. Rh3 b5 27. f5 gxf5 28. Qg1+ Kf8 29. Qg7+ Ke8 30. Qg8+ Kd7 31. Qxf7+ Kd8 32. Qe7# 1-0


[Site "https://www.chess.com"]

[Event "Titled Tuesday Blitz June 13 Late 2023"]
[White "Ammar, Sedrani"]
[Black "Korpics, Zsolt"]
[WhiteFideId "9312331"]
[BlackFideId "705241"]
[WhiteElo "2115"]
[BlackElo "2342"]
[Result "1-0"]
[Round "8"]
[TimeControl "180+2"]
[Date "2023.06.13"]
[WhiteClock "0:01:34"]
[BlackClock "0:00:00"]
[Board "106"]

1. e4 c5 2. Nf3 e6 3. d4 cxd4 4. Nxd4 Nc6 5. Nc3 Qc7 6. Be2 a6 7. O-O Nf6 8. Nxc6 bxc6 9. Be3 d5 10. exd5 cxd5 11. Bf3 Rb8 12. Rb1 Bd6 13. h3 O-O 14. Bg5 Nd7 15. Qd2 Ne5 16. Be2 Nc4 17. Bxc4 Qxc4 18. a3 a5 19. Rfe1 Ba6 20. Ne2 h6 21. Bf4 e5 22. Bg3 f5 23. f4 e4 24. Bf2 Rbc8 25. Nd4 Bc5 26. c3 Bxd4 27. Bxd4 a4 28. Qf2 Qc6 29. Rbd1 Bd3 30. Qg3 Rb8 31. Rd2 Rb7 32. Be5 Kh7 33. Kh2 Qg6 34. Qe3 Rb3 35. Rg1 Qb6 36. Bd4 Qb8 37. g4 Rxb2 38. Rxb2 Qxb2+ 39. Rg2 Qb8 40. gxf5 Rf7 41. Qg3 Qf8 42. Qg6+ Kh8 43. Qxh6+ Kg8 44. f6 1-0


[Site "https://www.chess.com"]

[Event "Titled Tuesday Blitz June 13 Late 2023"]
[White "Jonkman, Harmen"]
[Black "kiwibobo"]
[WhiteFideId "1002708"]
[WhiteElo "2368"]
[BlackElo "2311"]
[Result "1/2-1/2"]
[Round "8"]
[TimeControl "180+2"]
[Date "2023.06.13"]
[WhiteClock "0:00:09"]
[BlackClock "0:00:04"]
[Board "107"]

1. d4 Nf6 2. Nf3 g6 3. Bf4 Bg7 4. h3 O-O 5. e3 d5 6. Nbd2 c5 7. dxc5 Nfd7 8. Nb3 Bxb2 9. Rb1 Bc3+ 10. Nfd2 e5 11. Bh6 Re8 12. h4 Qc7 13. h5 Nxc5 14. Qf3 Ne4 15. Bd3 Bf5 16. hxg6 fxg6 17. g4 Nxd2 18. Nxd2 e4 19. Qh3 Be6 20. Bb5 Nd7 21. Bf4 Ne5 22. Bxe8 Rxe8 23. Kf1 Bxd2 24. Bxe5 Qxe5 25. Qxh7+ Kf8 26. Rxb7 Qf6 27. Qh8+ Qxh8 28. Rxh8+ Bg8 29. Rxa7 Bc3 30. Rh6 Re6 31. g5 Bg7 32. Rh4 Rc6 33. Kg2 Rxc2 34. Rh1 Bf7 35. Rb1 d4 36. Rb8+ Be8 37. Raa8 d3 38. Rxe8+ Kf7 39. Red8 Bc3 40. Ra6 d2 41. Rd7+ Ke8 42. Rb7 d1=Q 43. Ra8+ Qd8 44. Rxd8+ Kxd8 45. a4 Ra2 46. Rb6 Rxa4 47. Rxg6 Ke7 48. Rc6 Be5 49. Kh3 Kf7 50. Kg4 Rb4 51. Kf5 Bb2 52. Rc5 Ba1 53. Rc7+ Kg8 54. Re7 Rb2 55. Kg6 Rb6+ 56. Kh5 Rb2 57. Kg6 Rb6+ 58. Kf5 Rb2 59. Kg6 1/2-1/2


[Site "https://www.chess.com"]

[Event "Titled Tuesday Blitz June 13 Late 2023"]
[White "Bernado Lopez, Roger"]
[Black "Lalanne, Pablo"]
[WhiteFideId "24585009"]
[BlackFideId "112151"]
[WhiteElo "2097"]
[BlackElo "2120"]
[Result "1-0"]
[Round "8"]
[TimeControl "180+2"]
[Date "2023.06.13"]
[WhiteClock "0:01:40"]
[BlackClock "0:00:27"]
[Board "108"]

1. e4 c5 2. Nf3 d6 3. d4 cxd4 4. Nxd4 Nf6 5. Nc3 a6 6. Bg5 e6 7. f4 Nbd7 8. Qe2 Be7 9. O-O-O Qc7 10. g4 O-O 11. Bxf6 Nxf6 12. g5 Nd7 13. Kb1 b5 14. a3 Rb8 15. h4 b4 16. axb4 Rxb4 17. Nb3 Nc5 18. Rd4 Rxd4 19. Nxd4 Bd7 20. f5 Rb8 21. f6 Bf8 22. h5 Qb6 23. Nd1 Na4 24. Nb3 a5 25. g6 Be8 26. h6 gxh6 27. g7 Bxg7 28. Qg4 1-0


[Site "https://www.chess.com"]

[Event "Titled Tuesday Blitz June 13 Late 2023"]
[White "Womacka, Mathias"]
[Black "Lopez Perdomo, Juan David"]
[WhiteFideId "4611390"]
[BlackFideId "4405137"]
[WhiteElo "2377"]
[BlackElo "1965"]
[Result "1-0"]
[Round "8"]
[TimeControl "180+2"]
[Date "2023.06.13"]
[WhiteClock "0:00:12"]
[BlackClock "0:00:01"]
[Board "109"]

1. e4 e6 2. d4 d5 3. Nd2 Nf6 4. e5 Nfd7 5. Bd3 c5 6. c3 Nc6 7. Ne2 Be7 8. Nf3 b6 9. h4 cxd4 10. cxd4 Nb4 11. Bb1 Ba6 12. a3 Nc6 13. h5 Na5 14. Rh3 h6 15. Rg3 Rc8 16. Rxg7 Bxe2 17. Kxe2 Bf8 18. Rg3 Rxc1 19. Qxc1 Nb3 20. Qd1 Nxa1 21. Bd3 b5 22. Qxa1 a6 23. Qc1 Qb8 24. Qc6 Qb6 25. Qa8+ Ke7 26. Qc8 Bg7 27. Qc3 Bf8 28. b4 Ke8 29. Nd2 Qb8 30. Nb3 Be7 31. Bc2 Kd8 32. Qc6 Qc7 33. Rc3 Qxc6 34. Rxc6 Nb8 35. Rc3 Kd7 36. Nc5+ Bxc5 37. Rxc5 Rc8 38. Rxc8 Kxc8 39. g4 Kd7 40. g5 Ke7 41. gxh6 Kf8 42. Bd3 Nc6 43. Ke3 Ne7 44. a4 Kg8 45. axb5 Kf8 46. bxa6 Kg8 47. a7 Nc6 48. a8=Q+ Nd8 49. Qxd8# 1-0


[Site "https://www.chess.com"]

[Event "Titled Tuesday Blitz June 13 Late 2023"]
[White "zano2023"]
[Black "Gasparyan, David"]
[BlackFideId "13311980"]
[WhiteElo "2116"]
[BlackElo "2432"]
[Result "0-1"]
[Round "8"]
[TimeControl "180+2"]
[Date "2023.06.13"]
[WhiteClock "0:00:51"]
[BlackClock "0:00:35"]
[Board "111"]

1. d4 Nf6 2. Nd2 d5 3. Ngf3 Bf5 4. e3 e6 5. c4 c6 6. Qb3 Na6 7. a3 Rb8 8. Bd3 Bxd3 9. Qxd3 Bd6 10. c5 Bc7 11. b4 Qc8 12. Bb2 b5 13. cxb6 axb6 14. Rc1 c5 15. Qb5+ Nd7 16. dxc5 bxc5 17. Qe2 cxb4 18. Bxg7 Rg8 19. Bb2 Qb7 20. O-O Ba5 21. Nd4 Nac5 22. axb4 Bxb4 23. Bc3 Bxc3 24. Rxc3 Qb2 25. Rc2 Qb6 26. h3 Kf8 27. Rb1 Qa7 28. Rxb8+ Qxb8 29. N2f3 Qb1+ 30. Kh2 Rg6 31. Rb2 Qe4 32. Nc6 Nd3 33. Rd2 N3e5 34. Ncxe5 Nxe5 35. Nxe5 Qxg2# 0-1


[Site "https://www.chess.com"]

[Event "Titled Tuesday Blitz June 13 Late 2023"]
[White "Myers, Dominique"]
[Black "Petersson, Kjell"]
[WhiteFideId "2041715"]
[BlackFideId "1705148"]
[WhiteElo "1951"]
[BlackElo "2005"]
[Result "0-1"]
[Round "8"]
[TimeControl "180+2"]
[Date "2023.06.13"]
[WhiteClock "0:01:11"]
[BlackClock "0:00:14"]
[Board "112"]

1. e4 c5 2. Nf3 d6 3. d4 cxd4 4. Nxd4 Nf6 5. Nc3 g6 6. Be3 Bg7 7. f3 O-O 8. Qd2 Nc6 9. O-O-O d5 10. exd5 Nxd5 11. Nxc6 bxc6 12. Bd4 Bxd4 13. Qxd4 Qb6 14. Qxb6 axb6 15. Nxd5 cxd5 16. a3 e6 17. h4 Ba6 18. Bxa6 Rxa6 19. h5 f6 20. hxg6 hxg6 21. Rh4 Ra7 22. Rb4 Rb8 23. Rd3 g5 24. Rdb3 Ra6 25. Rb5 Kf7 26. R3b4 Ke7 27. a4 Kd6 28. b3 Kc6 29. Kd2 Rh8 30. g4 Rh2+ 31. Ke3 Rxc2 32. Rd4 Rc3+ 33. Ke2 Rc2+ 34. Ke3 Rc1 35. Rd2 Rc3+ 36. Kf2 Ra7 37. Re2 e5 38. Re1 d4 39. Rh1 Ra5 40. Rxa5 bxa5 41. Rh6 Rxb3 42. Rxf6+ Kd5 43. Ra6 Rb2+ 44. Ke1 d3 45. Rxa5+ Kd4 46. Ra8 Re2+ 47. Kd1 Rf2 48. Ke1 Ke3 49. Rd8 d2+ 50. Kd1 Rf1+ 51. Kc2 Rf2 52. a5 Kxf3 53. Rxd2 Rf1 54. Kb2 Rh1 55. a6 Rh7 56. Rd5 Kf4 57. Ra5 Ra7 58. Kc3 Kxg4 59. Kd3 Kf4 60. Ra4+ Kf3 61. Kd2 e4 62. Ke1 g4 63. Kf1 g3 64. Kg1 e3 65. Ra3 g2 66. Ra2 Rh7 67. Rxg2 e2 68. Rf2+ Ke3 69. a7 e1=Q+ 70. Rf1 Qg3# 0-1


[Site "https://www.chess.com"]

[Event "Titled Tuesday Blitz June 13 Late 2023"]
[White "Jakic, Ivan"]
[Black "Prieto Aranguren, Alain"]
[WhiteFideId "14504901"]
[BlackFideId "2268906"]
[WhiteElo "2365"]
[BlackElo "2209"]
[Result "1-0"]
[Round "8"]
[TimeControl "180+2"]
[Date "2023.06.13"]
[WhiteClock "0:01:35"]
[BlackClock "0:00:36"]
[Board "113"]

1. e4 c6 2. d4 d5 3. f3 Qb6 4. Nc3 dxe4 5. fxe4 e5 6. dxe5 Be6 7. Nf3 Nd7 8. Bd3 Ne7 9. Qe2 Ng6 10. Bd2 Ngxe5 11. O-O-O Nxd3+ 12. cxd3 Qa6 13. Kb1 Bb4 14. a3 Ba5 15. d4 Qxe2 16. Nxe2 Bxd2 17. Rxd2 O-O-O 18. Nf4 Nb6 19. Nxe6 fxe6 20. Ng5 Rde8 21. Nf7 Rhf8 22. Nd6+ Kd7 23. Nxe8 Kxe8 24. Rc1 Rf4 25. Re2 Ke7 26. Ka2 Nd7 27. Rc3 Nf6 28. Rce3 h5 29. Rg3 Kf7 30. e5 Nd5 31. Rf3 g5 32. Kb3 Kg6 33. Rxf4 gxf4 34. Kc4 Kg5 35. Kd3 Kg4 36. Ke4 h4 37. Rf2 h3 38. gxh3+ Kxh3 39. Rxf4 1-0


[Site "https://www.chess.com"]

[Event "Titled Tuesday Blitz June 13 Late 2023"]
[White "Castella Garcia, Fausto"]
[Black "Ladan, Nicholas"]
[WhiteFideId "3501922"]
[BlackFideId "30918855"]
[WhiteElo "2245"]
[BlackElo "2167"]
[Result "1-0"]
[Round "8"]
[TimeControl "180+2"]
[Date "2023.06.13"]
[WhiteClock "0:01:49"]
[BlackClock "0:00:05"]
[Board "114"]

1. e4 b6 2. d4 Bb7 3. Bd3 f5 4. Nc3 Nf6 5. Qe2 fxe4 6. Nxe4 e6 7. Bg5 Be7 8. Nf3 O-O 9. O-O-O Nc6 10. Bxf6 Bxf6 11. h4 Bxd4 12. Neg5 g6 13. h5 Bf6 14. Nxh7 Kxh7 15. hxg6+ Kg8 16. Rh7 Bg7 17. Rdh1 Qf6 18. c3 Ne5 19. Rxg7+ Qxg7 20. Nxe5 Rxf2 21. Qxf2 Rf8 22. Qh4 Qxe5 23. Qh7# 1-0


[Site "https://www.chess.com"]

[Event "Titled Tuesday Blitz June 13 Late 2023"]
[White "Przybylski, Wojciech"]
[Black "Sala, Giulia"]
[WhiteFideId "1117599"]
[BlackFideId "2840451"]
[WhiteElo "2228"]
[BlackElo "1769"]
[Result "1-0"]
[Round "8"]
[TimeControl "180+2"]
[Date "2023.06.13"]
[WhiteClock "0:00:11"]
[BlackClock "0:00:02"]
[Board "115"]

1. d4 Nf6 2. c4 e6 3. Nc3 d5 4. cxd5 exd5 5. Bg5 Be7 6. e3 c6 7. Bd3 Nbd7 8. Nge2 h6 9. Bh4 Nh5 10. Bxe7 Qxe7 11. O-O Nb6 12. Bc2 Bd7 13. Qd3 Nf6 14. f3 Nc4 15. Nd1 g6 16. e4 O-O 17. b3 Nb6 18. Ndc3 Rfe8 19. e5 Nh7 20. Qd2 Kg7 21. f4 c5 22. f5 Qg5 23. f6+ Kg8 24. Qxg5 Nxg5 25. dxc5 Nc8 26. h4 Ne4 27. Nxd5 Rxe5 28. Rad1 Bb5 29. Rfe1 Nxc5 30. Nd4 Rxe1+ 31. Rxe1 Bd7 32. Nc7 Rb8 33. b4 Na6 34. Nd5 Nb6 35. Nxb6 axb6 36. a3 Rc8 37. Bb3 Kf8 38. Re7 Be8 39. Rxb7 Rd8 40. Rxb6 Nc7 41. Nf3 Rd3 42. Bc4 Rxa3 43. Rb7 Ne6 44. Bxe6 fxe6 45. Ne5 Re3 46. Nc4 Re4 47. Nd6 Rd4 48. Rb6 g5 49. h5 Rd5 50. Kf2 Rd2+ 51. Ke3 Rd5 52. b5 Re5+ 53. Kf2 Rd5 54. g3 e5 55. Ke3 Rd4 56. g4 Rxg4 57. Rb8 Rg3+ 58. Kf2 Rf3+ 59. Kxf3 g4+ 60. Ke3 e4 61. Rxe8# 1-0


[Site "https://www.chess.com"]

[Event "Titled Tuesday Blitz June 13 Late 2023"]
[White "Yang, Kevin"]
[Black "SicilianPanzer"]
[WhiteFideId "30908485"]
[WhiteElo "2055"]
[BlackElo "2253"]
[Result "1-0"]
[Round "8"]
[TimeControl "180+2"]
[Date "2023.06.13"]
[WhiteClock "0:00:02"]
[BlackClock "0:00:00"]
[Board "116"]

1. Nf3 Nf6 2. b3 g6 3. Bb2 Bg7 4. d3 O-O 5. Nbd2 a5 6. a3 d5 7. c4 c6 8. Qc2 Nbd7 9. e3 Re8 10. Ne5 Qc7 11. f4 c5 12. Be2 Nb6 13. O-O a4 14. b4 dxc4 15. Ndxc4 cxb4 16. axb4 Nbd5 17. Qd2 b5 18. Na3 Qb6 19. Bd4 Qb8 20. Bf3 e6 21. Rfc1 Nd7 22. Nxd7 Bxd7 23. Bxg7 Kxg7 24. g3 Qd6 25. Nc2 Rac8 26. e4 Nc3 27. e5 Qb6+ 28. Kg2 Bc6 29. Ne1 Qd4 30. Ra3 Nd5 31. Nc2 Qb6 32. Kh3 Bb7 33. Be4 h5 34. Raa1 Re7 35. Na3 Rec7 36. Rxc7 Rxc7 37. Re1 Ne7 38. Qe2 Bxe4 39. dxe4 Qd4 40. Nxb5 Qxb4 41. Nxc7 1-0


[Site "https://www.chess.com"]

[Event "Titled Tuesday Blitz June 13 Late 2023"]
[White "Kaplan, Avi Harrison"]
[Black "Florianovitz, Derlei Alex"]
[WhiteFideId "30934559"]
[BlackFideId "2114178"]
[WhiteElo "1983"]
[BlackElo "1953"]
[Result "1-0"]
[Round "8"]
[TimeControl "180+2"]
[Date "2023.06.13"]
[WhiteClock "0:00:05"]
[BlackClock "0:00:00"]
[Board "117"]

1. Nf3 g6 2. h4 h5 3. a4 Bg7 4. Ra3 c5 5. Ng5 Nf6 6. Rf3 Nc6 7. e4 Nd4 8. Rg3 d6 9. c3 Ne6 10. Bb5+ Bd7 11. Nxe6 fxe6 12. Rxg6 Kf7 13. Rg3 Bxb5 14. axb5 Nxe4 15. Qf3+ Nf6 16. Rhh3 Qf8 17. Na3 d5 18. d4 cxd4 19. cxd4 Ke8 20. b6 axb6 21. Nb5 Kd7 22. Qf4 Rc8 23. Rc3 Ne4 24. Rc7+ Rxc7 25. Qxc7+ Ke8 26. Rf3 Bf6 27. Bg5 Kf7 28. Nd6+ Kg6 29. Nxe4 dxe4 30. Qc2 Qc8 31. Qxe4+ Kf7 32. Kf1 Qc4+ 33. Kg1 Qd5 34. Qxd5 exd5 35. Bxf6 exf6 36. Rb3 Rc8 37. Rxb6 Rc7 38. g3 Kg6 39. Kg2 Kf5 40. Kf3 Rd7 41. b3 Rc7 42. Rd6 Rc3+ 43. Kg2 Rxb3 44. Rxd5+ Kg6 45. Rd7 Rd3 46. Rxb7 Rxd4 47. Rb8 Kg7 48. Rb5 Kg6 49. Ra5 Rd3 50. Ra4 Rb3 51. Rf4 Rc3 52. Rf3 Rc1 53. Re3 Rc5 54. Rd3 Rf5 55. Rb3 Rd5 56. Rb4 Re5 57. f3 Re2+ 58. Kh3 Rf2 59. Rf4 f5 60. Ra4 Rxf3 61. Ra6+ Kg7 62. Kg2 Rb3 63. Kf2 Rc3 64. Rb6 Ra3 65. Re6 Rb3 66. Re3 Rb4 67. Kf3 Kg6 68. Re6+ Kg7 69. Rd6 Rc4 70. Ke3 Rb4 71. Rd4 Rb3+ 72. Kf4 Rb5 73. Rd6 Rc5 74. Kg5 Rc3 75. Rg6+ Kh7 76. Kxh5 Rc4 77. Rg5 f4 78. g4 f3 79. Rf5 Rc3 80. Kg5 Kg7 81. h5 Kh7 82. Rf7+ Kg8 83. Rf4 Rc5+ 84. Kg6 Rc3 85. h6 Rc6+ 86. Kh5 Rc5+ 87. g5 1-0


[Site "https://www.chess.com"]

[Event "Titled Tuesday Blitz June 13 Late 2023"]
[White "Aung Thant Zin"]
[Black "liwadas82"]
[WhiteFideId "13000063"]
[WhiteElo "2278"]
[BlackElo "2428"]
[Result "1-0"]
[Round "8"]
[TimeControl "180+2"]
[Date "2023.06.13"]
[WhiteClock "0:00:19"]
[BlackClock "0:00:00"]
[Board "118"]

1. e4 e5 2. Nf3 Nc6 3. d4 exd4 4. Nxd4 Bc5 5. Nb3 Bb6 6. a4 a6 7. Be2 Nf6 8. Nc3 d6 9. O-O h6 10. Kh1 Ne5 11. h3 h5 12. Nd4 Bd7 13. Be3 h4 14. f4 Ng6 15. Bf3 O-O 16. Nf5 Bc6 17. Bxb6 cxb6 18. Qxd6 Qxd6 19. Nxd6 Nxf4 20. e5 N6h5 21. Bxc6 Ng3+ 22. Kg1 Nxf1 23. Rxf1 bxc6 24. Rxf4 f6 25. e6 Ra7 26. Rxh4 Re7 27. Re4 f5 28. Re5 g6 29. Ne2 Rd8 30. Nf7 Rd2 31. Ng5 Kg7 32. h4 Kf6 33. Re3 Rxc2 34. b3 b5 35. Nd4 Rd2 36. Nxc6 Re8 37. axb5 axb5 38. b4 f4 39. Re4 Rd1+ 40. Kf2 Rd2+ 41. Kf3 Rd6 42. Nd4 Rc8 43. Kxf4 Ke7 44. Ndf3 Rc4 45. Ne5 1-0


[Site "https://www.chess.com"]

[Event "Titled Tuesday Blitz June 13 Late 2023"]
[White "Almedina Ortiz, Edgardo J."]
[Black "KorolDimitriy75"]
[WhiteFideId "3100197"]
[WhiteElo "2217"]
[BlackElo "2411"]
[Result "1-0"]
[Round "8"]
[TimeControl "180+2"]
[Date "2023.06.13"]
[WhiteClock "0:00:26"]
[BlackClock "0:00:00"]
[Board "119"]

1. d4 Nf6 2. c4 c5 3. d5 b5 4. cxb5 a6 5. bxa6 g6 6. Nc3 Bxa6 7. e4 Bxf1 8. Kxf1 d6 9. g3 Bg7 10. Kg2 O-O 11. Nf3 Nbd7 12. a4 Qb8 13. Qe2 Qb4 14. Bd2 Nb6 15. b3 Rfb8 16. Rab1 Qa5 17. Nb5 Qa6 18. Rhe1 Ne8 19. a5 Nxd5 20. exd5 Qxb5 21. Qxb5 Rxb5 22. Rxe7 Nf6 23. Ng5 Nxd5 24. Rd7 Nc3 25. Bxc3 Bxc3 26. Nxf7 Rbxa5 27. Nxd6 Bd4 28. Re1 Ra2 29. Ree7 1-0


[Site "https://www.chess.com"]

[Event "Titled Tuesday Blitz June 13 Late 2023"]
[White "Osmonbekov, Talaibek"]
[Black "Jimenez Garcia, Emmanuel"]
[WhiteFideId "2017253"]
[BlackFideId "6504779"]
[WhiteElo "2135"]
[BlackElo "2440"]
[Result "0-1"]
[Round "8"]
[TimeControl "180+2"]
[Date "2023.06.13"]
[WhiteClock "0:00:00"]
[BlackClock "0:00:44"]
[Board "120"]

1. d4 c6 2. Nc3 b5 3. a3 d5 4. Bf4 Bf5 5. Nf3 e6 6. e3 h6 7. Ne5 Nf6 8. g4 Bh7 9. Bd3 Bxd3 10. Qxd3 Nfd7 11. h4 Nxe5 12. Bxe5 Nd7 13. Bg3 a6 14. e4 b4 15. axb4 Bxb4 16. exd5 cxd5 17. Rxa6 Bxc3+ 18. bxc3 O-O 19. O-O Nb6 20. Qb5 Nc4 21. Rfa1 Rxa6 22. Rxa6 Qf6 23. Kg2 Qg6 24. Kh3 Qxc2 25. Qb4 h5 26. gxh5 Qf5+ 27. Kh2 Qxh5 28. Kg2 Qf5 29. Ra7 g6 30. Qe7 Nd2 31. Bd6 Qf3+ 32. Kg1 Rc8 33. Qg5 Qd1+ 34. Kg2 Qf1+ 35. Kg3 Rxc3+ 36. Kf4 Qxf2+ 37. Ke5 Nf3+ 0-1


[Site "https://www.chess.com"]

[Event "Titled Tuesday Blitz June 13 Late 2023"]
[White "Fajdetic, Hrvoje"]
[Black "Dias, Joao Batista"]
[WhiteFideId "14501945"]
[BlackFideId "2108240"]
[WhiteElo "2185"]
[BlackElo "1907"]
[Result "0-1"]
[Round "8"]
[TimeControl "180+2"]
[Date "2023.06.13"]
[WhiteClock "0:00:05"]
[BlackClock "0:01:25"]
[Board "121"]

1. f4 f5 2. Nf3 Nf6 3. b3 e6 4. Bb2 Be7 5. d3 O-O 6. Nbd2 d6 7. e4 fxe4 8. dxe4 b6 9. Bd3 Nbd7 10. b4 a5 11. a3 axb4 12. axb4 Rxa1 13. Qxa1 Bb7 14. Qa2 d5 15. Ng5 Qa8 16. Qxa8 Rxa8 17. Nxe6 dxe4 18. Bc4 Bd5 19. O-O Bxc4 20. Nxc4 Bxb4 21. Rd1 Kf7 22. Ng5+ Kg6 23. Nxe4 Nxe4 24. Rxd7 Bc5+ 25. Kf1 Ra4 26. Ne5+ Kf5 27. Rf7+ Nf6 28. Nd3 Be3 29. g3 c5 30. Rxg7 c4 31. Rf7 cxd3 32. Rxf6+ Ke4 33. Re6+ Kf3 34. cxd3 Ra2 35. Rxe3+ Kxe3 36. Bc3 Kxd3 37. Bb4 Rb2 38. Bd6 Ke3 39. f5 Rf2+ 40. Kg1 Rxf5 41. Bc7 b5 42. g4 Rd5 43. Kg2 b4 44. Kg3 b3 45. Bf4+ Ke4 46. Bc1 Rd1 47. Ba3 Ra1 48. Bb2 Ra2 49. Bf6 b2 50. Bxb2 Rxb2 51. h4 Rb3+ 0-1


[Site "https://www.chess.com"]

[Event "Titled Tuesday Blitz June 13 Late 2023"]
[White "Romanchuk, Viktor"]
[Black "Sarkar, Justin"]
[WhiteFideId "14109271"]
[BlackFideId "2010011"]
[WhiteElo "2242"]
[BlackElo "2151"]
[Result "1-0"]
[Round "8"]
[TimeControl "180+2"]
[Date "2023.06.13"]
[WhiteClock "0:00:20"]
[BlackClock "0:00:00"]
[Board "122"]

1. d4 Nf6 2. c4 g6 3. Nf3 Bg7 4. g3 O-O 5. Bg2 c5 6. O-O d6 7. Nc3 Nc6 8. dxc5 dxc5 9. Be3 Be6 10. Bxc5 Bxc4 11. Qa4 Be6 12. Rfd1 Nd7 13. Ba3 a6 14. Ng5 Qc8 15. Nxe6 fxe6 16. Bxc6 bxc6 17. Bxe7 Rf7 18. Bg5 Rb8 19. Rab1 Nb6 20. Qc2 Nd5 21. Ne4 Qc7 22. Nc5 Qb6 23. e4 Nb4 24. Qc4 Nxa2 25. Be3 Nb4 26. Qxe6 1-0


[Site "https://www.chess.com"]

[Event "Titled Tuesday Blitz June 13 Late 2023"]
[White "Benedetti, Julio"]
[Black "Rodriguez Santiago, Jaime"]
[WhiteFideId "172545"]
[BlackFideId "3100898"]
[WhiteElo "2263"]
[BlackElo "2025"]
[Result "1-0"]
[Round "8"]
[TimeControl "180+2"]
[Date "2023.06.13"]
[WhiteClock "0:00:06"]
[BlackClock "0:00:06"]
[Board "123"]

1. e4 c6 2. Nf3 d5 3. exd5 cxd5 4. Ne5 Nf6 5. d4 g6 6. Bd3 Bg7 7. O-O Bf5 8. Bxf5 gxf5 9. Qf3 e6 10. Bd2 Nbd7 11. Bb4 Nxe5 12. dxe5 Nd7 13. Re1 Bxe5 14. c4 dxc4 15. Nc3 Rb8 16. Rad1 Qc7 17. Nb5 Qc6 18. Nd6+ Bxd6 19. Rxe6+ fxe6 20. Qh5+ Kd8 21. Rxd6 Qe4 22. Qd1 Rg8 23. Rxd7+ Kc8 24. g3 Qc6 25. Rd6 Qb5 26. Bc3 b6 27. Rxe6 Rd8 28. Qf3 Qd5 29. Qe3 Kb7 30. Re7+ Ka8 31. h4 Rb7 32. Re5 Qc6 33. Re6 Rd1+ 34. Be1 Qd7 35. Re8+ Rb8 36. Qf3+ Qb7 37. Rxb8+ Kxb8 38. Qxd1 Qc7 39. Bc3 b5 40. Bd2 a6 41. Bf4 Ka7 42. Bxc7 Kb7 43. Be5 Kc6 44. Qd6+ 1-0


[Site "https://www.chess.com"]

[Event "Titled Tuesday Blitz June 13 Late 2023"]
[White "Golubev, Mikhail"]
[Black "Vila Dupla, Aurelio"]
[WhiteFideId "14100983"]
[BlackFideId "2203383"]
[WhiteElo "2374"]
[BlackElo "2009"]
[Result "1-0"]
[Round "8"]
[TimeControl "180+2"]
[Date "2023.06.13"]
[WhiteClock "0:00:18"]
[BlackClock "0:00:00"]
[Board "124"]

1. e4 c5 2. Ne2 d6 3. d4 cxd4 4. Nxd4 Nf6 5. Nc3 g6 6. Be3 Bg7 7. f3 O-O 8. Qd2 Nc6 9. O-O-O d5 10. exd5 Nxd5 11. Nxc6 bxc6 12. Bd4 Nxc3 13. Qxc3 Bh6+ 14. Be3 Bxe3+ 15. Qxe3 Qb6 16. Qc3 Be6 17. h4 Rfd8 18. Bd3 c5 19. h5 Rd4 20. hxg6 fxg6 21. Rde1 Rad8 22. a3 Qd6 23. Kb1 Bf7 24. Be4 Qe6 25. b3 Qf6 26. Kb2 c4 27. b4 a5 28. b5 a4 29. Bc6 Qd6 30. Qb4 c3+ 31. Qxc3 Rc4 32. Qe5 Qd2 33. Be4 Rdd4 34. Qb8+ Kg7 35. Rxh7+ Kf6 36. Qh8+ 1-0


[Site "https://www.chess.com"]

[Event "Titled Tuesday Blitz June 13 Late 2023"]
[White "Ward, Ieuan C"]
[Black "Srdanovic, Jovana"]
[WhiteFideId "406627"]
[BlackFideId "954810"]
[WhiteElo "2279"]
[BlackElo "2155"]
[Result "0-1"]
[Round "8"]
[TimeControl "180+2"]
[Date "2023.06.13"]
[WhiteClock "0:02:19"]
[BlackClock "0:02:33"]
[Board "125"]

1. d4 d5 2. Nf3 Nf6 3. c4 c6 4. Nc3 dxc4 5. a4 Bf5 6. e3 e6 7. Bxc4 Bb4 8. O-O O-O 9. Bd2 a5 10. Re1 Bg6 11. Nh4 Bh5 12. Qc2 Nd5 13. g3 Be7 14. Ng2 Bg6 15. Qb3 Nb4 16. Nf4 Bc2 0-1


[Site "https://www.chess.com"]

[Event "Titled Tuesday Blitz June 13 Late 2023"]
[White "Chemin, Justo Reinaldo"]
[Black "Fernandez, Maria Florencia"]
[WhiteFideId "2101580"]
[BlackFideId "116459"]
[WhiteElo "1940"]
[BlackElo "2074"]
[Result "0-1"]
[Round "8"]
[TimeControl "180+2"]
[Date "2023.06.13"]
[WhiteClock "0:00:00"]
[BlackClock "0:00:04"]
[Board "127"]

1. d4 Nf6 2. c4 g6 3. Nc3 Bg7 4. e4 d6 5. Nge2 O-O 6. Ng3 e5 7. d5 c6 8. Be2 cxd5 9. cxd5 Nbd7 10. h4 a5 11. h5 Nc5 12. hxg6 fxg6 13. Be3 Bd7 14. Qd2 b5 15. f3 b4 16. Nd1 Rb8 17. Nf2 Bb5 18. Bxc5 dxc5 19. Bxb5 Rxb5 20. Rc1 a4 21. Qd3 Qa5 22. O-O Bh6 23. Rcd1 b3 24. a3 Rd8 25. Qc4 Kg7 26. Rd3 Ne8 27. d6 Rxd6 28. Rxd6 Nxd6 29. Qe6 Nf7 30. Ng4 Qb6 31. Qe8 c4+ 32. Kh2 Bf4 33. Rd1 Qb8 34. Qe6 Rb6 35. Qxc4 Qb7 36. Qxa4 Qe7 37. Kg1 Bxg3 38. Rd7 Qc5+ 39. Kh1 Qc1+ 0-1


[Site "https://www.chess.com"]